 Dungeon Crawl Stone Soup version 0.23.2-40-g277498a001 (webtiles) character file.

Game seed: 470877051743104147

175 BreadTh the Digger (level 5, -4/40 HPs)
             Began as a Demigod Earth Elementalist on Aug 31, 2019.
             Slain by a goblin
             ... wielding a +0 club
             ... led by Robin
              (8 damage)
             ... on level 4 of the Dungeon.
             The game lasted 00:09:19 (4085 turns).

BreadTh the Digger (Demigod Earth Elementalist)     Turns: 4085, Time: 00:09:25

Health: -4/40      AC:  3    Str: 11    XL:     5   Next: 8%
Magic:  6/10       EV: 13    Int: 19    God:
Gold:   194        SH:  0    Dex: 18    Spells: 4/8 levels left

rFire    + . .     SeeInvis +   f - +1 dagger (venom)
rCold    x . .     Gourm    .   (no shield)
rNeg     . . .     Faith    .   c - +1 robe
rPois    .         Spirit   .   (no helmet)
rElec    .         Reflect  .   (no cloak)
rCorr    .         Harm     .   (no gloves)
MR       .....     Clarity  +   (no boots)
Stlth    ++........             (no amulet)
HPRegen  0.13/turn              m - ring of fire
MPRegen  0.12/turn              p - ring of see invisible

@: no status effects
A: blurry vision 1, clarity, high mp 1
a: no special abilities


You were on level 4 of the Dungeon.
You were very hungry.

You visited 1 branch of the dungeon, and saw 4 of its levels.

You collected 194 gold pieces.

Inventory:

Hand Weapons
 f - a +1 dagger of venom (weapon)
 g - a +0 hand axe
 k - a +0 spear
 l - a +0 quarterstaff
Missiles
 b - 124 stones (quivered)
 t - 4 tomahawks
 u - 13 poisoned needles
Armour
 c - a +1 robe (worn)
Jewellery
 m - a ring of fire (left hand)
 p - a ring of see invisible (right hand)
 r - an uncursed amulet of guardian spirit
Wands
 s - a wand of polymorph (8)
Scrolls
 a - 2 scrolls of remove curse
 e - 4 scrolls of identify
 h - 2 scrolls of enchant armour
 j - a scroll of teleportation
 n - a scroll of amnesia {unknown}
 o - a scroll of immolation {unknown}
Potions
 q - a potion of ambrosia {unknown}
Comestibles
 d - 9 rations


   Skills:
 - Level 1.0 Fighting
 - Level 1.0 Throwing
 - Level 2.0 Dodging
 - Level 2.0 Stealth
 - Level 2.0 Spellcasting
   Level 0.8 Transmutations
 * Level 4.9 Earth Magic


You had 4 spell levels left.
You knew the following spells:

 Your Spells              Type           Power        Failure   Level  Hunger
a - Sandblast             Erth           ###...       2%          1    #......
b - Stone Arrow           Conj/Erth      ##....       19%         3    ###....

Your spell library contained the following spells:

 Spells                   Type           Power        Failure   Level  Hunger
 Passwall                 Tmut/Erth      ##......     8%          2    ###....
 Animate Skeleton         Necr           N/A          17%         1    #......
 Apportation              Tloc           #.....       17%         1    #......
 Confusing Touch          Hex            #.....       17%         1    #......
 Summon Small Mammal      Summ           #...         17%         1    #......
 Confuse                  Hex            #.......     45%         3    ###....
 Gell's Gravitas          Tloc           #.........   45%         3    ###....
 Petrify                  Tmut/Erth      ##......     45%         4    #####..
 Lee's Rapid Deconstruct  Erth           ###.......   52%         5    ######.
 Yara's Violent Unravell  Hex/Tmut       #.........   98%         5    ######.
 Metabolic Englaciation   Hex/Ice        #.........   99%         5    ######.


Dungeon Overview and Level Annotations

Branches:
Dungeon (4/15)             Temple (0/1) D:4

Shops:
D:4 }

Annotations:
D:4 Robin, Sigmund


Innate Abilities, Weirdness & Mutations

You have an increased reservoir of magic. (+10% MP)
Scrolls take you a little longer to read.
You possess an exceptional clarity of mind.


Message History

b - 124 stones The hobgoblin hits you.
The goblin closely misses you.
Robin roars a battlecry!
The goblins go into a battle-frenzy!
Robin's bangles clink loudly.
Robin roars a battlecry!
You see here a hobgoblin corpse.
An iguana comes into view.
Sigmund hits you from afar with a cursed -1 scythe.
* * * LOW HITPOINT WARNING * * *
Sigmund casts a spell at you. You resist with some effort.
The iguana hisses angrily.
Sigmund gestures at you while chanting. The magic dart hits you!
* * * LOW HITPOINT WARNING * * *
Robin throws the goblin at you!
* * * LOW HITPOINT WARNING * * *
The goblin hits you with a +0 club!
You die...

*,,,,,,,,.......#..>...gg...###..
*,,,,,,,#.......##...##.##..# *..
,,,,,,,,##..l....#.?.g#g##### *,.
,,*,,,,,,.##...........## ***
,**,*,,,,,........@.g###
,****,,**,.........g...#
,**,,,,,,**,##........##
,,,,,,,,,*,,#...gg....#
,,,,,,,,,,,,###.@##..##***
,,*,,*,,*,,,,*#..#8###** *
,,****,,*,,,,*#..##*,,,*** ,,,*
***,**,,*....*,,,,,* ,,**
****,,#....,,,,,∩* ,**
*,,...###,,,*,** **
*,..##****,,**,* *#.#* * *****8*
*** *** ***


You could see Sigmund, an iguana, Robin, 3 hobgoblins and 2 goblins.

Vanquished Creatures
  An orc wizard (D:3)
  A worker ant (D:4)
  A hound skeleton (D:4)
  4 adders
  An ooze (D:3)
  3 dart slugs
  4 orcs (D:3)
  4 bats
  6 giant cockroaches
  9 goblins
  8 hobgoblins
  A quokka (D:3)
  2 frilled lizards
  6 kobolds
  10 rats
61 creatures vanquished.

Notes
Turn   | Place    | Note
-------+----------+-------------------------------------------
     0 | D:1      | BreadTh the Demigod Earth Elementalist began the quest for
                  | the Orb.
     0 | D:1      | Reached XP level 1. HP: 14/14 MP: 5/5
  1160 | D:1      | Reached XP level 2. HP: 11/22 MP: 7/7
  1500 | D:2      | Found a stormy altar of Qazlal.
  1525 | D:2      | Reached skill level 3 in Earth Magic
  2258 | D:2      | Reached XP level 3. HP: 21/27 MP: 8/8
  2318 | D:2      | Learned a level 3 spell: Stone Arrow
  2674 | D:3      | Gained mutation: Scrolls take you a little longer to read.
                  | [potion of mutation]
  2674 | D:3      | Gained mutation: You possess an exceptional clarity of
                  | mind. [potion of mutation]
  2811 | D:3      | Reached skill level 1 in Fighting
  2817 | D:3      | Reached skill level 1 in Throwing
  3648 | D:3      | Reached XP level 4. HP: 35/35 MP: 9/9
  3656 | D:3      | Reached skill level 4 in Earth Magic
  4012 | D:4      | Found Pahemi's Gadget Emporium.
  4015 | D:4      | Noticed Sigmund
  4062 | D:4      | Noticed Robin
  4069 | D:4      | Reached XP level 5. HP: 20/40 MP: 4/10
  4085 | D:4      | Slain by a goblin

Skill      XL: |  1  2  3  4 |
---------------+-------------+-----
Stealth        | 2 |  2.0
Earth Magic    | 3 4 |  4.9
Dodging        | 2 |  2.0
Spellcasting   | 2 |  2.0
Fighting       | 1 |  1.0
Throwing       | 1 |  1.0
Transmutations | |  0.8

Action                   |  1- 3 |  4- 6 || total
-------------------------+-------+-------++-------
Melee: Unarmed           |    22 |       ||    22
       Spear             |    15 |       ||    15
       Hand axe          |    22 |       ||    22
       Quarterstaff      |    48 |       ||    48
       Dagger            |    55 |    40 ||    95
 Cast: Sandblast         |     1 |     8 ||     9
  Use: Potion            |     2 |       ||     2
       Scroll            |     1 |     4 ||     5
 Stab: Sleeping          |     8 |       ||     8
  Eat: Chunk             |     9 |       ||     9
Armor: Robe              |    17 |     4 ||    21
Dodge: Dodged            |    98 |    34 ||   132
